 Dungeon Crawl Stone Soup version 0.28-a0-834-g1a73be5ee4 (webtiles) character file.

Game seed: 8169127359015164747

800845 Samaell the Gargoyle Barricade (level 27, -2/199 HPs)
             Began as a Gargoyle Fighter on Nov 10, 2021.
             Was the Champion of Trog.
             Killed from afar by a Hell Sentinel (37 damage)
             ... with damnation
             ... in Pandemonium on Nov 11, 2021.
             The game lasted 06:39:58 (96077 turns).

Samaell the Gargoyle Barricade (Gargoyle Fighter)  Turns: 96077, Time: 06:39:59

Health: -2/199     AC: 63    Str: 37    XL:     27
Magic:  23/23      EV: 17    Int: 14    God:    Trog [******]
Gold:   7313       SH: 21    Dex: 15    Spells: 26/26 levels left

rFire   + + +      SeeInvis .   s - +9 eveningstar (flame)
rCold   + + .      Faith    .   S - +3 kite shield {reflect}
rNeg    + + +      Spirit   .   Z - +8 gold dragon scales
rPois   ∞          Reflect  +   U - -2 hat of the Alchemist {rElec rPois rF+ rC+ rN+ Will+ rMut rCorr}
rElec   +          Harm     .   J - +2 cloak {Stlth+}
rCorr   +          Rampage  .   g - +0 pair of gloves of Whack-A-Mole {rElec rF+ Int+3 Dex+3}
rMut    +          Clarity  +   R - +1 pair of boots
Will    +++++                   k - amulet of the Four Winds {rN+ Will+++ Clar}
Stlth   ..........              f - ring of Gyvvewke {rC+ Will+ Dex+3 Stlth-}
HPRegen 1.43/turn               l - ring of Raphuvubb {*Slow +Blink rC- Str+6 Slay+5}
MPRegen 0.18/turn

@: about to teleport, strong-willed, flying, regenerating, slowed, studying
Hexes, very slow
A: sickness immunity, AC +20, big wings, negative energy resistance 1,
electricity resistance, torment resistance 1, petrification resistance, horns 1,
screaming 1
}: 6/15 runes: barnacled, slimy, silver, abyssal, demonic, gossamer
a: Renounce Religion, Evoke Blink, Berserk, Trog's Hand, Brothers in Arms


You were in Pandemonium.
You worshipped Trog.
Trog was exalted by your worship.
You visited 10 branches of the dungeon, and saw 51 of its levels.
You visited Pandemonium 1 time, and saw 6 of its levels.
You visited the Abyss 9 times.
You also visited: Trove, Volcano, Wizlab and Desolation.

You collected 9995 gold pieces.
You spent 2682 gold pieces at shops.

Inventory:

Hand Weapons
 j - a +4 vorpal eveningstar
 s - a +9 eveningstar of flaming (weapon)
 t - the +7 fustibalus "Muoq" {speed, rPois Int+2}
   (You found it on level 1 of the Abyss)

   Attacks with this weapon are significantly faster.
   Int:       It affects your intelligence (+2).
   rPois:     It protects you from poison.
 I - the +10 morningstar of the Immovable Friars {flame, Dex+6}
   (Trog gifted it to you on level 1 of the Abyss)

   It burns those it strikes, dealing additional fire damage.
   Dex:       It affects your dexterity (+6).
 L - the +12 flail of Dim Light {vorpal, Fly rElec Will++ Stlth-}
   (Trog gifted it to you in Pandemonium)

   It inflicts extra damage upon your enemies.
   rElec:     It insulates you from electricity.
   Fly:       It grants you flight.
   Will:      It greatly increases your willpower.
   Stlth:     It makes you less stealthy.
Armour
 b - a +2 pair of gloves
 g - the +0 pair of gloves of Whack-A-Mole (worn) {rElec rF+ Int+3 Dex+3}
   (You found it on level 1 of the Abyss)

   Int:       It affects your intelligence (+3).
   Dex:       It affects your dexterity (+3).
   rF:        It protects you from fire.
   rElec:     It insulates you from electricity.
 r - the +2 shield of Resistance {rF++ rC++ Will++}
   (You found it on level 3 of the Depths)

   rF:        It greatly protects you from fire.
   rC:        It greatly protects you from cold.
   Will:      It greatly increases your willpower.
 J - a +2 cloak of stealth (worn)
 R - a +1 pair of boots (worn)
 S - a +3 kite shield of reflection (worn)
 T - a +0 pair of gloves of dexterity
 U - the -2 hat of the Alchemist (worn) {rElec rPois rF+ rC+ rN+ Will+ rMut rCorr}
   (You found it in the Desolation of Salt)

   rF:        It protects you from fire.
   rC:        It protects you from cold.
   rElec:     It insulates you from electricity.
   rPois:     It protects you from poison.
   rN:        It protects you from negative energy.
   rCorr:     It protects you from acid and corrosion.
   rMut:      It protects you from mutation.
   Will:      It increases your willpower.
 Z - +8 gold dragon scales (worn)
Jewellery
 c - the amulet of Hujimiz {Spirit -Cast +Inv rF++ Will+}
   (You found it on level 4 of the Lair of Beasts)

   [amulet of guardian spirit]

   It causes incoming damage to be divided between your reserves of health and
   magic.
   rF:        It greatly protects you from fire.
   +Inv:      It lets you turn invisible.
   -Cast:     It prevents spellcasting.
   Will:      It increases your willpower.
 f - the ring of Gyvvewke (left hand) {rC+ Will+ Dex+3 Stlth-}
   (You found it on level 1 of the Elven Halls)

   [ring of willpower]

   Dex:       It affects your dexterity (+3).
   rC:        It protects you from cold.
   Will:      It increases your willpower.
   Stlth:     It makes you less stealthy.
 k - the amulet of the Four Winds (around neck) {rN+ Will+++ Clar}
   (You bought it in a shop on level 1 of the Depths)

   [amulet of nothing]

   rN:        It protects you from negative energy.
   Clar:      It protects you against confusion.
   Will:      It greatly increases your willpower.
 l - the ring of Raphuvubb (right hand) {*Slow +Blink rC- Str+6 Slay+5}
   (You found it on level 1 of the Elven Halls)

   [ring of strength]

   Str:       It affects your strength (+6).
   Slay:      It affects your accuracy & damage with ranged weapons and melee
   (+5).
   rC:        It makes you vulnerable to cold.
   +Blink:    It lets you blink.
   *Slow:     It may slow you when you take damage.
 v - the ring "Sautaw" {rF+ Dex+3 SInv}
   (You found it on level 5 of the Vaults)

   [ring of protection from fire]

   Dex:       It affects your dexterity (+3).
   rF:        It protects you from fire.
   SInv:      It lets you see invisible.
 x - the ring "Evithe" {Fly rF++ rCorr Int+2 Dex-4}
   (You found it on level 3 of the Depths)

   [ring of flight]

   Int:       It affects your intelligence (+2).
   Dex:       It affects your dexterity (-4).
   rF:        It greatly protects you from fire.
   Fly:       It grants you flight.
   rCorr:     It protects you from acid and corrosion.
 y - the ring of the Visionary {rPois rF+ rN+ Will+ Int+7}
   (You found it in the Desolation of Salt)

   [ring of willpower]

   Int:       It affects your intelligence (+7).
   rF:        It protects you from fire.
   rPois:     It protects you from poison.
   rN:        It protects you from negative energy.
   Will:      It increases your willpower.
 B - the ring of Tueth {rF+ rN+ Will+}
   (You found it on level 3 of the Crypt)

   [ring of positive energy]

   rF:        It protects you from fire.
   rN:        It protects you from negative energy.
   Will:      It increases your willpower.
 E - the ring "Nyklurch" {Wiz rElec rF+ rC+ Will++}
   (You found it on level 1 of the Abyss)

   [ring of wizardry]

   It improves your spell success rate.
   rF:        It protects you from fire.
   rC:        It protects you from cold.
   rElec:     It insulates you from electricity.
   Will:      It greatly increases your willpower.
 M - the ring "Qeufatwe" {Ice rCorr Str+2 Int-5 Dex+8}
   (You found it in a treasure trove)

   [ring of ice]

   It enhances your ice magic.
   Str:       It affects your strength (+2).
   Int:       It affects your intelligence (-5).
   Dex:       It affects your dexterity (+8).
   rF:        It makes you vulnerable to fire.
   rC:        It protects you from cold.
   rCorr:     It protects you from acid and corrosion.
 Y - the ring "Zeonnadu" {Ice rN+ Slay+3}
   (You found it in Pandemonium)

   [ring of ice]

   It enhances your ice magic.
   Slay:      It affects your accuracy & damage with ranged weapons and melee
   (+3).
   rF:        It makes you vulnerable to fire.
   rC:        It protects you from cold.
   rN:        It protects you from negative energy.
Wands
 K - a wand of acid (1)
Scrolls
 e - 3 scrolls of holy word
 n - 13 scrolls of fog
 p - 10 scrolls of blinking
 w - 5 scrolls of silence
 C - 17 scrolls of teleportation
 G - 4 scrolls of magic mapping
 P - a scroll of summoning
 Q - a scroll of enchant weapon
 V - 5 scrolls of fear
 W - 29 scrolls of identify
 X - a scroll of brand weapon
Potions
 a - 7 potions of magic
 d - 11 potions of might
 h - 11 potions of mutation
 i - 11 potions of brilliance
 m - 7 potions of attraction
 o - 2 potions of cancellation
 q - 15 potions of curing
 u - 12 potions of flight
 z - 9 potions of resistance
 A - 10 potions of ambrosia
 D - 16 potions of heal wounds
 F - 4 potions of invisibility
 H - 10 potions of berserk rage
 N - 9 potions of haste
Miscellaneous
 O - a phantom mirror


   Skills:
 O Level 27 Fighting
 + Level 26.3 Maces & Flails
 + Level 9.7 Crossbows
 O Level 27 Armour
 + Level 18.1 Dodging
 - Level 16.1 Stealth
 O Level 27 Shields


You had 26 spell levels left.
You didn't know any spells.
Your spell library contained the following spells:

 Spells                   Type           Power      Damage    Failure   Level
 Animate Skeleton         Necr           0%         N/A       75%         1
 Apportation              Tloc           0%         N/A       75%         1
 Beastly Appendage        Tmut           0%         N/A       75%         1
 Foxfire                  Conj/Fire      0%         2x1d4     75%         1
 Freeze                   Ice            0%         1d3       75%         1
 Magic Dart               Conj           0%         1d3       75%         1
 Pain                     Necr           0%         1d4       75%         1
 Sting                    Tmut/Pois      0%         1d3       75%         1
 Summon Small Mammal      Summ           0%         N/A       75%         1
 Call Imp                 Summ           0%         N/A       86%         2
 Corpse Rot               Necr/Air       0%         N/A       86%         2
 Ensorcelled Hibernation  Hex/Ice        0%         N/A       86%         2
 Passwall                 Tmut/Erth      0%         N/A       86%         2
 Poisonous Vapours        Pois/Air       0%         N/A       86%         2
 Static Discharge         Conj/Air       0%         N/A       86%         2
 Wereblood                Tmut           0%         N/A       86%         2
 Conjure Flame            Conj/Fire      0%         6-21      98%         3
 Frozen Ramparts          Ice            0%         1d2       98%         3
 Gell's Gravitas          Tloc           0%         N/A       98%         3
 Ignite Poison            Fire/Tmut/Pois 0%         N/A       98%         3
 Inner Flame              Hex/Fire       0%         N/A       98%         3
 Mephitic Cloud           Conj/Pois/Air  0%         N/A       98%         3
 Ozocubu's Armour         Ice            0%         N/A       98%         3
 Portal Projectile        Hex/Tloc       0%         N/A       98%         3
 Spider Form              Tmut/Pois      0%         N/A       98%         3
 Swiftness                Air            0%         N/A       98%         3
 Teleport Other           Tloc           0%         N/A       98%         3
 Vampiric Draining        Necr           0%         2d6       98%         3
 Animate Armour           Summ/Erth      0%         N/A       100%        4
 Cause Fear               Hex            0%         N/A       100%        4
 Dispel Undead            Necr           0%         3d6       100%        4
 Flame Wave               Conj/Fire      0%         3d3       100%        4
 Hailstorm                Conj/Ice       0%         3d3       100%        4
 Ice Form                 Ice/Tmut       0%         N/A       100%        4
 Leda's Liquefaction      Hex/Erth       0%         N/A       100%        4
 Olgreb's Toxic Radiance  Pois           0%         N/A       100%        4
 Passage of Golubria      Tloc           0%         N/A       100%        4
 Petrify                  Tmut/Erth      0%         N/A       100%        4
 Sticky Flame             Conj/Fire      0%         2d3       100%        4
 Summon Ice Beast         Ice/Summ       0%         N/A       100%        4
 Summon Lightning Spire   Summ/Air       0%         N/A       100%        4
 Blade Hands              Tmut           0%         N/A       100%        5
 Borgnjor's Vile Clutch   Necr/Erth      0%         N/A       100%        5
 Excruciating Wounds      Necr           0%         N/A       100%        5
 Freezing Cloud           Conj/Ice/Air   0%         6-21      100%        5
 Irradiate                Conj/Tmut      0%         3d14      100%        5
 Lee's Rapid Deconstruct  Erth           0%         3d5*      100%        5
 Lightning Bolt           Conj/Air       0%         1d11      100%        5
 Metabolic Englaciation   Hex/Ice        0%         N/A       100%        5
 Silence                  Hex/Air        0%         N/A       100%        5
 Summon Forest            Summ/Tloc      0%         N/A       100%        5
 Summon Mana Viper        Hex/Summ       0%         N/A       100%        5
 Yara's Violent Unravell  Hex/Tmut       0%         3d3       100%        5
 Conjure Ball Lightning   Conj/Air       0%         3x3d6     100%        6
 Death Channel            Necr           0%         N/A       100%        6
 Dispersal                Tloc           0%         N/A       100%        6
 Eringya's Noxious Bog    Tmut/Pois      0%         N/A       100%        6
 Iron Shot                Conj/Erth      0%         9d1       100%        6
 Simulacrum               Ice/Necr       0%         N/A       100%        6
 Summon Cactus Giant      Summ           0%         N/A       100%        6
 Dragon Form              Tmut           0%         N/A       100%        7
 Monstrous Menagerie      Summ           0%         N/A       100%        7
 Storm Form               Tmut/Air       0%         N/A       100%        7
 Summon Hydra             Summ           0%         N/A       100%        7
 Discord                  Hex            0%         N/A       100%        8
 Disjunction              Tloc           0%         N/A       100%        8
 Infestation              Necr           0%         N/A       100%        8
 Maxwell's Capacitive Co  Air            0%         ∞         100%        8
 Necromutation            Tmut/Necr      0%         N/A       100%        8
 Summon Horrible Things   Summ           0%         N/A       100%        8
 Death's Door             Necr           0%         N/A       100%        9
 Polar Vortex             Ice            0%         N/A       100%        9
 Sublimation of Blood     Necr           Unusable   N/A       N/A         2
 Statue Form              Tmut/Erth      Unusable   N/A       N/A         6

Dungeon Overview and Level Annotations

Branches:
Dungeon (15/15)            Temple (0/1) D:7            Lair (6/6) D:9
 Shoals (4/4) Lair:4       Spider (4/4) Lair:2        Slime (5/5) Lair:5
    Orc (2/2) D:9             Elf (3/3) Orc:2        Vaults (5/5) D:14
  Crypt (3/3) Vaults:2       Tomb (0/3) Crypt:3      Depths (4/4) D:15
    Zot (0/5) Depths:4    Volcano (visited)          WizLab (visited)
Desolation (visited)

Altars:
Elyvilon
Okawaru
Sif Muna
Trog
Zin
Beogh
Jiyva

Shops:
D:8 =:!   D:11 =   Orc:1 *   Orc:2 (!*([   Elf:1 :   Elf:3 *   Shoals:2 (
Shoals:4 :   Vaults:1 :   Vaults:3 [   Depths:1 :=:   Depths:3 *

Portals:
Hell: Depths:1 Depths:2 Depths:3 Depths:4
Abyss: Depths:1 Depths:2 Depths:3 Depths:4
Pandemonium: Depths:2 Depths:3
Ziggurat: Depths:4

Annotations:
D:10 exclusion: orange crystal statue
D:15 1 runed translucent door
Lair:3 1 runed translucent door, sastreii's ghost, journeyman DrGl
Shoals:3 3 runed translucent doors, exclusion: obsidian statue, Tuvvit's ghost, adept GnTm
Spider:4 1 runed translucent door, t4s4d4r's ghost, adept OgEE
Crypt:1 Jalagi's ghost, legendary DETm
Pan 1 transporter


Innate Abilities, Weirdness & Mutations

You are immune to sickness and miasma.
Your stone body is resilient. (AC +20)
You are immune to poison.
Your large and strong wings let you fly.
You resist negative energy. (rN+)
You are resistant to electric shocks. (rElec)
You are resistant to unholy torment.
You are immune to petrification.
You have a pair of small horns on your head.
You occasionally shout uncontrollably at your foes.


Message History

The Hell Sentinel is moderately wounded.
You spit the Hell Sentinel like a pig!!!
You headbutt the Hell Sentinel, but do no damage.
The Hell Sentinel is heavily wounded.
You block the Hell Sentinel's attack. x2
The Ice Fiend calls on the powers of darkness!
Your body is wracked with pain!
You hit the Hell Sentinel.
The Hell Sentinel is heavily wounded.
The Hell Sentinel barely misses you. You block the Hell Sentinel's attack.
You impale the Hell Sentinel!!
The Hell Sentinel is severely wounded.
The Ice Fiend gestures at you.
The bolt of cold hits the Hell Sentinel.
The Hell Sentinel completely resists.
The bolt of cold hits you. You resist.
You feel yourself slow down.
You hit the Hell Sentinel but do no damage.
The Hell Sentinel is severely wounded.
The Hell Sentinel completely misses you.
The Hell Sentinel misses you.
You hit the Hell Sentinel but do no damage.
You headbutt the Hell Sentinel.
The Hell Sentinel is severely wounded.
The Hell Sentinel hits you but does no damage.
You block the Hell Sentinel's attack. The Hell Sentinel gestures at you.
The sphere of damnation explodes!
The damnation engulfs you!!
* * * LOW HITPOINT WARNING * * *
The damnation engulfs the Hell Sentinel.
The Hell Sentinel completely resists.
As you read the scroll of teleportation, it crumbles to dust.
You feel strangely unstable.
The Hell Sentinel hits you but does no damage.
You block the Hell Sentinel's attack.
The Ice Fiend calls on the powers of darkness!
Your body is wracked with pain!
* * * LOW HITPOINT WARNING * * *
The Hell Sentinel gestures at you.
The sphere of damnation explodes!
The damnation engulfs you!!!
You die...

.. ..............#
#...........###
#...........#
############...........#
#........###...........#
###
##....3##########....).###
#$#
#####31.###.....#.........
###
####.6##1#......#.........
#!#
###..####@......#.........
###
2#.2####.#......#.........
#©#
2............/.©#©..).....
###
..#########.....#..)......
#!#
##.########.....#.........
###
###.#######.....#......)..
#)#
####.######.....#.........
####
##....###########.........
...#
#...316#2###..............


You could see a Hell Sentinel, a demonspawn warmonger, an Ice Fiend, a blizzard
demon, a soul eater and a sun demon.

Vanquished Creatures
  9 dread liches
  An ancient lich (Vaults:5)
  The ghost of Hicsus the Metallomancer, a master GrEE of Sif Muna (Crypt:1)
  2 juggernauts
  2 pandemonium lords (Pan)
  Sojobo (Crypt:2)
  Boris (Depths:4)
  Margery (Vaults:4)
  Bai Suzhen (Shoals:4)
  A caustic shrike (Depths:3)
  Jory (Vaults:3)
  4 golden dragons
  A profane servitor (Abyss:1)
  the Enchantress (Depths:2)
  3 Tzitzimimeh (Pan)
  12 bone dragons
  2 Brimstone Fiends
  Mlioglotl (Shoals:4)
  A hellephant (Abyss:1)
  8 tentacled monstrosities
  A walking crystal tome (Depths:3)
  7 Hell Sentinels
  Jorgrun (Shoals:3)
  9 Ice Fiends (Pan)
  Asterion (Elf:1)
  2 deep elf blademasters (Elf:3)
  The ghost of Duck the Tortoise, an adept GrFi of Makhleb (Vaults:2)
  The ghost of Dassydak the Tortoise, an adept GrFi of Makhleb (Vaults:2)
  The ghost of Qetoluuv the Tortoise, an adept GrFi of Makhleb (Vaults:2)
  The ghost of Dassydak the Tortoise, an adept GrFi of Makhleb (Crypt:1)
  5 titans
  A quicksilver dragon (Vaults:5)
  12 liches
  2 deep elf master archers (Elf:3)
  A kraken (Shoals:4)
  Polyphemus (Shoals:3)
  19 acid blobs
  29 tentacled starspawn
  16 Executioners
  6 sphinxes
  A sphinx (shapeshifter) (Depths:2)
  8 tengu reavers
  7 ancient champions
  10 rockslimes
  Donald (Spider:2)
  5 shadow dragons
  Ilsuiw (Shoals:2)
  A draconian monk (Depths:4)
  4 storm dragons
  3 revenants
  Roxanne (D:14)
  7 azure jellies (Slime:4)
  2 daevas
  An orc warlord (Orc:1)
  5 demonspawn warmongers (Pan)
  12 frost giants
  12 fire giants
  10 deep elf sorcerers
  A draconian knight (Abyss:1)
  5 ghost moths
  3 emperor scorpions
  11 vault wardens
  2 angels
  Aizul (Vaults:3)
  A draconian scorcher (Depths:4)
  4 iron dragons
  14 ghouls
  11 balrugs
  A shard shrike simulacrum (Abyss:5)
  6 deep elf elementalists
  6 cacodemons
  5 spriggan defenders
  4 demonspawn blood saints (Pan)
  3 reapers
  4 curse skulls
  16 ironbound preservers
  A demonspawn corrupter (Pan)
  10 quicksilver oozes
  8 vampire knights
  19 stone giants
  26 very ugly things
  6 war gargoyles
  Nessos (D:13)
  A black draconian (Abyss:5)
  9 demonspawn black suns (Pan)
  2 green draconians
  5 entropy weavers
  A red draconian (Depths:4)
  13 deep elf demonologists
  3 yellow draconians
  7 deep elf annihilators
  11 dire elephants
  26 lorocyprocas
  A white draconian (Abyss:1)
  A minotaur (shapeshifter) (Vaults:5)
  2 halazid warlocks (Desolation)
  A spark wasp (shapeshifter) (Vaults:5)
  An orange crystal statue (WizLab)
  5 fire dragons
  7 merfolk javelineers
  11 eidola
  5 crystal guardians
  12 deep elf death magi
  9 green deaths
  10 blizzard demons
  14 ettins
  7 ragged hierophants
  6 deep elf high priests
  Josephine (D:13)
  15 merfolk impalers
  15 yaktaur captains
  18 great orbs of eyes
  13 ice dragons
  7 servants of whispers (Desolation)
  10 rakshasas
  2 naga warriors
  16 jiangshi
  35 vault guards
  6 merfolk avatars
  8 ironbound frosthearts
  5 ironbound thunderhulks
  4 alligator snapping turtles
  7 boulder beetles
  11 peacekeepers
  3 hell beasts
  13 centaur warriors
  9 hydras
  A juggernaut simulacrum (Abyss:1)
  8 catoblepae
  4 spriggan air magi
  8 ogre magi
  2 two-headed ogres (shapeshifter)
  4 death knights
  39 dancing weapons
  17 two-headed ogres
  12 death yaks
  4 merfolk aquamancers
  7 deep troll shamans
  10 vampire magi
  3 hell hogs
  2 satyrs
  3 deep troll earth magi
  The ghost of Megustar the Arsonist, a journeyman DEFE of Vehumet (D:13)
  9 tengu warriors
  35 thrashing horrors
  An orc high priest (Orc:2)
  A shock serpent (shapeshifter) (D:15)
  9 spriggan berserkers
  15 soul eaters
  7 spriggans
  17 deep elf knights
  13 hell knights
  21 sixfirhies
  40 sun demons
  An iron troll (Depths:1)
  14 skeletal warriors
  40 wretched stars
  2 death drakes (Abyss:1)
  8 spatial maelstroms
  5 shadow wraiths
  A bunyip zombie (Abyss:1)
  42 deep trolls
  A quicksilver dragon simulacrum (Depths:3)
  18 glowing orange brains
  13 sea snakes
  3 shadow demons
  10 flayed ghosts
  22 deep elf archers
  Pikel (D:6)
  An anaconda skeleton (Crypt:3)
  6 wizards
  An iron giant skeleton (Crypt:3)
  9 lindwurms
  7 necromancers
  13 ironbound convokers
  34 harpies
  35 deep elf zephyrmancers
  7 orc knights
  36 ugly things
  6 bog bodies
  A harpy (shapeshifter) (Abyss:1)
  37 deep elf pyromancers
  2 oklob plants (Shoals:1)
  A frost giant zombie (Crypt:3)
  16 phantasmal warriors
  A salamander (shapeshifter) (Elf:3)
  A shining eye (shapeshifter) (Vaults:2)
  A draconian zombie (Abyss:1)
  2 mana vipers
  13 orb spiders
  An elf zombie (Abyss:1)
  12 manticores
  4 fauns (Shoals:1)
  A moth of wrath (shapeshifter) (Elf:2)
  An iron dragon skeleton (Abyss:1)
  3 will-o-the-wisps (Abyss:1)
  2 shining eyes
  21 elephants
  4 orc sorcerers
  16 wolf spiders
  A moth of wrath (Lair:2)
  2 salamanders (Abyss:2)
  7 black mambas
  2 naga zombies
  19 worldbinders
  17 merfolk sirens
  9 cyclopes
  5 guardian serpents
  2 spriggan zombies
  A water nymph (shapeshifter) (Depths:3)
  3 rust devils
  9 water nymphs
  19 orange demons
  37 smoke demons
  3 gargoyles
  4 eyes of devastation
  Maurice (D:8)
  15 cane toads
  A torpor snail (Lair:3)
  12 vault sentinels
  9 apocalypse crabs
  3 molten gargoyles
  A minotaur zombie (Crypt:1)
  A cane toad (shapeshifter) (Vaults:5)
  4 unseen horrors
  3 dire elephant skeletons
  11 hellions
  44 demonic crawlers
  9 komodo dragons
  3 rime drakes
  3 tormentors
  22 yaktaurs
  A bunyip simulacrum (Abyss:1)
  An iron troll zombie (Crypt:3)
  An alligator snapping turtle skeleton (Crypt:1)
  6 efreet
  7 freezing wraiths
  A yaktaur (shapeshifter) (Vaults:5)
  13 hellwings
  29 ancient zymes
  5 ice devils
  3 tengu conjurers
  A meliai (D:14)
  30 jumping spiders
  A harpy zombie (Abyss:1)
  4 red devils
  A silent spectre (Abyss:1)
  21 merfolk
  7 trolls
  A hornet (shapeshifter) (Elf:1)
  8 hornets
  Prince Ribbit (Lair:2)
  7 wind drakes
  2 ettin zombies
  56 saltlings
  3 polar bears
  2 tyrant leeches (Abyss:1)
  110 slime creatures
  2 merfolk zombies
  65 raiju
  27 blink frogs
  14 dream sheep
  3 air elementals
  7 snapping turtles
  A shadow (Abyss:4)
  14 tarantellas
  A centaur simulacrum (D:14)
  60 redbacks
  A tarantella (shapeshifter) (Abyss:1)
  19 flying skulls
  28 water elementals
  41 ynoxinuls
  A dire elephant simulacrum (Crypt:3)
  24 wraiths
  A yak (shapeshifter) (Abyss:1)
  56 yaks
  4 vampires
  3 wyverns
  18 fire bats
  8 fire elementals
  15 golden eyes
  8 basilisks
  15 neqoxecs
  3 steam dragons (Volcano)
  2 vampire mosquitoes (D:11)
  27 chaos spawn
  15 spatial vortices
  3 wargs
  4 swamp worms (Lair:4)
  11 hell hounds
  107 large abominations
  2 nagas
  4 acid dragons
  A glowing shapeshifter zombie (Crypt:2)
  Duvessa (D:5)
  Edmund (D:5)
  An orb spider zombie (Crypt:3)
  A faun skeleton (Crypt:1)
  8 water moccasins
  A floating eye (Lair:5)
  A swamp drake (D:9)
  3 black bears
  25 orc warriors
  An ice beast (Abyss:1)
  A black bear (shapeshifter) (Vaults:5)
  A dream sheep zombie (Crypt:1)
  7 sky beasts
  12 necrophages
  245 starcursed masses
  9 wolves (Lair:6)
  33 ogres
  7 boggarts
  A phantom (D:3)
  3 centaurs
  An octopode zombie (Crypt:2)
  A salamander zombie (Crypt:2)
  Blork the orc (D:6)
  A fire crab zombie (Crypt:3)
  11 bullfrogs
  99 small abominations
  An earth elemental (Elf:2)
  Dowan (D:5)
  A water moccasin skeleton (Crypt:2)
  A troll zombie (Crypt:1)
  A hornet simulacrum (D:14)
  A warg skeleton (Crypt:1)
  9 killer bees
  2 spriggan skeletons
  10 wights
  6 electric eels
  6 howler monkeys
  4 crimson imps (Abyss:1)
  5 centaur zombies
  8 quasits (Abyss:1)
  Crazy Yiuf (D:6)
  4 hounds
  2 jellies
  A gnoll shaman (D:8)
  19 orc priests
  A hound (shapeshifter) (Depths:2)
  16 iron imps
  3 iguanas
  32 orc wizards
  A hound skeleton (Crypt:3)
  3 gnolls (D:8)
  4 adders
  A steam dragon skeleton (Crypt:3)
  A shadow imp (D:5)
  21 white imps
  15 ufetubi (Abyss:1)
  A lava snake zombie (Crypt:1)
  An adder skeleton (D:4)
  A lava snake skeleton (Crypt:1)
  A barachi zombie (Crypt:2)
  3 dart slugs
  87 orcs
  7 ball pythons
  5 endoplasms
  4 giant cockroaches
  5 goblins
  7 hobgoblins
  6 jackals
  13 kobolds
  3 quokkas
  2 bats
  5 frilled lizards
  A frilled lizard zombie (Crypt:2)
  A giant cockroach zombie (Crypt:2)
  A goblin skeleton (Crypt:3)
  12 rats
  2 briar patches (Lair:4)
  A lurking horror (Abyss:1)
  26 starspawn tentacles
  5 tentacles (Shoals:4)
3644 creatures vanquished.

Vanquished Creatures (collateral kills)
  the Royal Jelly (Slime:5)
  The ghost of Jalagi the Sensei, a legendary DETm of Kikubaaqudgha (Vaults:2)
  4 acid blobs
  A rockslime (Depths:1)
  3 azure jellies
  An orc warlord (Vaults:3)
  A spark wasp (Spider:4)
  A crystal guardian (Desolation)
  A dancing weapon (Elf:1)
  An ironbound convoker (Vaults:3)
  2 ugly things (Abyss:4)
  2 wolf spiders (Spider:4)
  2 eyes of devastation
  A molten gargoyle (Desolation)
  An efreet (Pan)
  2 yaktaurs (Vaults:3)
  2 jumping spiders (Spider:4)
  A hornet (Spider:4)
  2 saltlings (Desolation)
  A raiju (Abyss:1)
  6 slime creatures (Slime:2)
  2 yaks (Lair:3)
  3 redbacks (Spider:4)
  A golden eye (Slime:2)
  A boggart (Vaults:3)
  7 starcursed masses
51 creatures vanquished.

Vanquished Creatures (others)
  A fire giant (Depths:2)
  A demonspawn blood saint (Pan)
  A yaktaur captain (Vaults:1)
  A centaur warrior (Vaults:2)
  3 wizards
  2 deep elf zephyrmancers (Elf:1)
  A small abomination (Abyss:2)
  A chaos spawn (Pan)
  An orc (Vaults:5)
  2 briar patches (Lair:4)
  A demonic plant (Abyss:1)
  10 foxfires (Abyss:1)
  25 fungi
  5 lurking horrors (Abyss:1)
  154 plants
  50 starspawn tentacles
  13 tentacles (Shoals:4)
  12 withered plants (Crypt:3)
284 creatures vanquished.

Grand Total: 3979 creatures vanquished

Notes
Turn   | Place    | Note
-------+----------+-------------------------------------------
     0 | D:1      | Samaell the Gargoyle Fighter began the quest for the Orb.
     0 | D:1      | Reached XP level 1. HP: 14/14 MP: 1/1
   198 | D:1      | Reached XP level 2. HP: 5/19 MP: 2/2
   847 | D:1      | Reached XP level 3. HP: 22/23 MP: 3/3
   896 | D:1      | Found a faded altar of an unknown god.
  1059 | D:1      | Prayed at the altar of an unknown god.
  1059 | D:1      | Became a worshipper of Trog the Wrathful
  1059 | D:1      | Reached * piety under Trog
  1559 | D:2      | Reached ** piety under Trog
  1690 | D:2      | Reached XP level 4. HP: 27/29 MP: 4/4
  2645 | D:4      | Noticed a phantom
  2677 | D:3      | Killed a phantom
  2678 | D:3      | Reached XP level 5. HP: 12/33 MP: 5/5
  2959 | D:4      | Noticed a necrophage
  2959 | D:4      | Noticed an orc warrior
  2989 | D:4      | Killed a necrophage
  2990 | D:4      | Reached XP level 6. HP: 34/39 MP: 6/6
  3000 | D:4      | Killed an orc warrior
  3566 | D:5      | Entered Level 5 of the Dungeon
  3598 | D:4      | Reached skill level 5 in Fighting
  3916 | D:5      | Reached skill level 5 in Armour
  3916 | D:5      | Reached skill level 5 in Shields
  3957 | D:5      | Reached XP level 7. HP: 44/44 MP: 7/7
  3966 | D:5      | Reached *** piety under Trog
  3978 | D:5      | Noticed Dowan
  3979 | D:5      | Noticed Duvessa
  4006 | D:5      | Killed Duvessa
  4007 | D:5      | Killed Dowan
  4284 | D:5      | Noticed Edmund
  4298 | D:5      | Killed Edmund
  4401 | D:5      | Reached XP level 8. HP: 51/51 MP: 8/8
  4526 | D:5      | Reached skill level 5 in Maces & Flails
  5229 | D:6      | Noticed Blork the orc
  5243 | D:6      | Killed Blork the orc
  5362 | D:6      | Noticed Pikel
  5386 | D:6      | Killed Pikel
  5387 | D:6      | Reached XP level 9. HP: 57/57 MP: 9/9
  5426 | D:6      | Identified the +4 chain mail of Hubris {rF+ Int+3 Slay+2}
  5834 | D:6      | Found a runed translucent door.
  5835 | D:6      | Noticed Crazy Yiuf
  5842 | D:6      | Killed Crazy Yiuf
  6046 | D:7      | Found a staircase to the Ecumenical Temple.
  6239 | D:7      | Noticed a troll
  6248 | D:7      | Killed a troll
  6990 | D:8      | Found Qogoapul's Jewellery Boutique.
  7133 | D:8      | Reached XP level 10. HP: 64/64 MP: 10/10
  7204 | D:8      | Found Sasaanyr's Book Boutique.
  7326 | D:8      | Found Cankedocs's Distillery.
  7388 | D:8      | Noticed Maurice
  7407 | D:8      | Killed Maurice
  7644 | D:8      | Noticed a white ugly thing
  7652 | D:8      | Killed a white ugly thing
  7789 | D:8      | Found the +2 robe of Vines {NoPotionHeal Regen+++}
  7790 | D:8      | Noticed a seven-headed hydra
  8008 | D:8      | Found a glowing silver altar of Zin.
  8256 | D:8      | Killed a seven-headed hydra
  8537 | D:9      | Found a staircase to the Orcish Mines.
  8554 | D:9      | Reached **** piety under Trog
  8963 | D:9      | Found a staircase to the Lair.
  9157 | D:9      | Reached XP level 11. HP: 54/72 MP: 11/11
  9647 | D:10     | Entered Level 10 of the Dungeon
  9731 | D:10     | Noticed an orange crystal statue
  9903 | D:10     | Reached skill level 10 in Fighting
  9929 | D:10     | Reached skill level 10 in Shields
 10159 | D:10     | Noticed a two-headed ogre
 10167 | D:10     | Killed a two-headed ogre
 10168 | D:10     | Reached skill level 10 in Armour
 10453 | D:11     | Found Biorum's Jewellery Emporium.
 10478 | D:11     | Noticed a cyclops
 10484 | D:11     | Killed a cyclops
 10861 | D:11     | Reached ***** piety under Trog
 11207 | D:11     | Noticed a boulder beetle
 11233 | D:11     | Killed a boulder beetle
 11356 | D:11     | Noticed a cyclops
 11373 | D:11     | Killed a cyclops
 12238 | D:12     | Reached XP level 12. HP: 72/80 MP: 12/12
 12376 | D:12     | Noticed a seven-headed hydra
 12388 | D:12     | Killed a seven-headed hydra
 12452 | D:12     | Noticed a centaur warrior
 12459 | D:12     | Killed a centaur warrior
 12460 | D:12     | Reached skill level 10 in Maces & Flails
 12460 | D:12     | Noticed a yaktaur captain
 12484 | D:12     | Killed a yaktaur captain
 13195 | D:11     | Bought a ring of protection from fire for 300 gold pieces
 13292 | Lair:1   | Entered Level 1 of the Lair of Beasts
 13618 | Lair:1   | Noticed a boulder beetle
 13643 | Lair:1   | Killed a boulder beetle
 14361 | Lair:2   | Found a hole to the Spider Nest.
 14461 | Lair:2   | Reached XP level 13. HP: 86/86 MP: 13/13
 14478 | Lair:2   | You fall into a shaft and drop 1 floor!
 14480 | Lair:3   | Identified a scroll of acquirement
 14480 | Lair:3   | Acquired the ring "Sebboepu" {rC+ Int+6}
 14704 | Lair:3   | Received a gift from Trog
 14766 | Lair:3   | You fall into a shaft and drop 3 floors!
 14766 | Lair:6   | Entered Level 6 of the Lair of Beasts
 14840 | Lair:5   | Paralysed by a floating eye for 3 turns
 14912 | Lair:4   | Acquired a manual of Shields
 14914 | Lair:4   | Found a transporter.
 14939 | Lair:4   | Found a transporter.
 15059 | Lair:3   | Found a dark tunnel.
 15068 | Volcano  | Entered a volcano
 15272 | Volcano  | Noticed a fire dragon
 15289 | Volcano  | Killed a fire dragon
 15609 | Lair:3   | Found a runed translucent door.
 15613 | Lair:3   | Identified the +9 spear of Karagoo {protect, rPois rF- rN++
                  | Stlth+}
 15617 | Lair:3   | Noticed sastreii's ghost (journeyman DrGl)
 16055 | Lair:4   | Found a staircase to the Shoals.
 16606 | Lair:5   | Gained mutation: Your large and strong wings let you fly.
                  | [Gargoyle growth]
 16606 | Lair:5   | Reached XP level 14. HP: 94/94 MP: 14/14
 16640 | Lair:5   | Found a staircase to the Slime Pits.
 16663 | Lair:5   | Found a glowing silver altar of Zin.
 17410 | Lair:6   | Reached skill level 15 in Shields
 17547 | Lair:6   | Received a gift from Trog
 18380 | Lair:6   | Reached XP level 15. HP: 90/101 MP: 15/15
 19078 | D:12     | Reached skill level 15 in Fighting
 19095 | D:12     | You are sucked into a shaft and drop 2 floors!
 19122 | D:14     | Reached skill level 15 in Armour
 19231 | D:13     | Noticed Josephine
 19240 | D:13     | Killed Josephine
 19344 | D:13     | Noticed Megustar's ghost (journeyman DEFE)
 19347 | D:13     | Found a runed translucent door.
 19358 | D:13     | Noticed Nessos
 19381 | D:13     | Killed Nessos
 19431 | D:13     | Killed Megustar's ghost
 20102 | D:12     | Found a shimmering blue altar of Sif Muna.
 20374 | D:14     | Received a gift from Trog
 20841 | D:14     | Found an iron altar of Okawaru.
 20887 | D:14     | Found a gate to the Vaults.
 21156 | D:14     | Identified the +7 quarterstaff of the Wheel {drain, rF+}
 21407 | D:14     | Noticed Roxanne
 21604 | D:15     | Entered Level 15 of the Dungeon
 21772 | D:15     | Found a staircase to the Depths.
 21904 | D:15     | Reached XP level 16. HP: 99/110 MP: 16/16
 22002 | D:15     | Found a runed translucent door.
 22372 | Orc:1    | Entered Level 1 of the Orcish Mines
 22425 | Orc:1    | Found Wimushy's General Store.
 22870 | Orc:1    | Received a gift from Trog
 23073 | Orc:2    | Entered Level 2 of the Orcish Mines
 23073 | Orc:2    | Found Dyorr's Weapon Boutique.
 23297 | Orc:2    | Paralysed by an ogre mage for 6 turns
 23337 | Orc:2    | Found Sykhliox's Distillery.
 23337 | Orc:2    | Found Firr's Weapon Boutique.
 23337 | Orc:2    | Found Suovvurgh's General Store.
 23337 | Orc:2    | Found Amabarro's Antique Armour Emporium.
 23395 | Orc:2    | Bought a polished buckler for 228 gold pieces
 23395 | Orc:2    | Identified the +0 buckler of the Gusle {+Blink rN++} (You
                  | bought it in a shop on level 2 of the Orcish Mines)
 23395 | Orc:2    | Bought smoking swamp dragon scales for 1320 gold pieces
 23395 | Orc:2    | Identified the +1 swamp dragon scales of the Lion {rPois
                  | rC+ rCorr SInv} (You bought it in a shop on level 2 of the
                  | Orcish Mines)
 23509 | Orc:2    | Reached ****** piety under Trog
 23604 | Orc:2    | Reached skill level 15 in Maces & Flails
 23611 | Orc:2    | Received a gift from Trog
 24093 | Orc:2    | Found a staircase to the Elven Halls.
 24293 | Spider:1 | Entered Level 1 of the Spider Nest
 24361 | Lair:2   | Noticed Prince Ribbit
 24375 | Lair:2   | Killed Prince Ribbit
 26059 | Spider:2 | Received a gift from Trog
 26240 | Spider:2 | Noticed Donald
 26273 | Spider:2 | Killed Donald
 26888 | Spider:3 | Reached XP level 17. HP: 111/116 MP: 17/17
 26890 | Spider:4 | Entered Level 4 of the Spider Nest
 27789 | Spider:4 | Found a runed translucent door.
 27793 | Spider:4 | Noticed t4s4d4r's ghost (adept OgEE)
 27895 | Spider:4 | Received a gift from Trog
 28873 | Spider:4 | Got a gossamer rune of Zot
 29141 | Shoals:1 | Entered Level 1 of the Shoals
 29887 | Lair:4   | Identified the amulet of Hujimiz {Spirit -Cast +Inv rF++
                  | Will+}
 30429 | Shoals:1 | Received a gift from Trog
 30658 | Shoals:2 | Found Siproch's Weapon Shop.
 30996 | Shoals:2 | Noticed Ilsuiw
 31416 | Shoals:2 | Reached XP level 18. HP: 66/124 MP: 12/18
 32480 | Shoals:2 | Killed Ilsuiw
 33470 | Shoals:3 | Found a runed translucent gate.
 33470 | Shoals:3 | Found a runed translucent gate.
 33470 | Shoals:3 | Found an opulent altar of Gozag.
 33470 | Shoals:3 | Found a runed translucent gate.
 33576 | Shoals:3 | Noticed Tuvvit's ghost (adept GnTm)
 33746 | Shoals:3 | Noticed Jorgrun
 33765 | Shoals:3 | Killed Jorgrun
 33894 | Shoals:3 | Noticed Polyphemus
 33919 | Shoals:3 | Killed Polyphemus
 34525 | Shoals:3 | Received a gift from Trog
 34742 | Shoals:4 | Entered Level 4 of the Shoals
 35155 | Shoals:4 | Noticed Bai Suzhen
 36389 | Shoals:4 | Got a barnacled rune of Zot
 36676 | Shoals:4 | Reached XP level 19. HP: 110/132 MP: 16/19
 36761 | Shoals:4 | Found Gekusiav's Book Emporium.
 37093 | Shoals:4 | Killed Bai Suzhen
 37404 | Shoals:4 | Noticed Mlioglotl
 37425 | Shoals:4 | Killed Mlioglotl
 38017 | Vaults:1 | Entered Level 1 of the Vaults
 38023 | Vaults:1 | Noticed a Brimstone Fiend
 38036 | D:14     | Killed a Brimstone Fiend
 38397 | Vaults:1 | Received a gift from Trog
 38499 | Vaults:1 | Identified the +1 plate armour "Plog" {-Tele rElec Str+4}
 38567 | Vaults:1 | Found Uschaemuh's Book Boutique.
 38648 | Vaults:1 | Found a crumbling gateway.
 38654 | Desolati | Entered the Desolation of Salt
 38709 | Desolati | Identified the ring of the Visionary {rPois rF+ rN+ Will+
                  | Int+7}
 38745 | Desolati | Identified the +6 great sword of Erru {vorpal, *Corrode
                  | rN++}
 39140 | Desolati | Received a gift from Trog
 39186 | Desolati | Cast into level 2 of the Abyss (ragged hierophant)
 39186 | Abyss:2  | Found a corrupted altar of Lugonu.
 39626 | Abyss:2  | Identified the +0 pair of gloves of Zin's Wrath {Int+3}
 39676 | Desolati | Escaped the Abyss
 39991 | Desolati | Received a gift from Trog
 40026 | Desolati | Identified the +6 broad axe of Weak Integrity {drain, *Rage
                  | rPois rCorr Int+5}
 40053 | Desolati | Found the +8 demon blade "Leech" {vamp, Harm Drain rN+}
 40109 | Desolati | Reached XP level 20. HP: 133/140 MP: 20/20
 40549 | Desolati | Found the -2 hat of the Alchemist {rElec rPois rF+ rC+ rN+
                  | Will+ rMut rCorr}
 40599 | Desolati | Got the Incunabulum of Displacement
 40701 | Desolati | Got the Handbook of Earthen Envenoming
 40742 | Desolati | Got Optoijo's Disquisition on Dislocated Poisoning
 42148 | Vaults:2 | Found a staircase to the Crypt.
 42172 | Vaults:1 | Received a gift from Trog
 42425 | Vaults:2 | Identified the +7 arbalest of Change {flame, rC+ rN+}
 43887 | Vaults:2 | Received a gift from Trog
 43977 | Vaults:2 | Found the +2 hood of the Assassin {Detection Stab+ Stlth++}
 44283 | Vaults:3 | Reached skill level 1 in Stealth
 44377 | Vaults:3 | Noticed Jory
 44391 | Vaults:3 | Killed Jory
 44506 | Vaults:3 | Found Vadihoum's Armour Shop.
 44583 | Vaults:3 | Noticed Aizul
 44592 | Vaults:3 | Killed Aizul
 45184 | Vaults:3 | Reached XP level 21. HP: 147/147 MP: 21/21
 45933 | Vaults:4 | Received a gift from Trog
 46719 | Vaults:4 | Reached skill level 5 in Stealth
 46764 | Vaults:4 | Noticed Margery
 46787 | Vaults:4 | Killed Margery
 47084 | Vaults:4 | Received a gift from Trog
 47985 | D:14     | Killed Roxanne
 48151 | Elf:1    | Entered Level 1 of the Elven Halls
 48233 | Elf:1    | Found Cineukkoysm's Book Emporium.
 48768 | Elf:1    | Received a gift from Trog
 49034 | Elf:1    | Identified the ring of Gyvvewke {rC+ Will+ Dex+3 Stlth-}
 49115 | Elf:1    | Identified the ring of Raphuvubb {*Slow +Blink rC- Str+6
                  | Slay+5}
 49118 | Elf:1    | Got The Second Course in Magic
 49683 | Elf:1    | Received a gift from Trog
 49765 | Elf:1    | Reached XP level 22. HP: 150/155 MP: 22/22
 49963 | Elf:1    | Upgraded the game from 0.28-a0-828-g0121872642 to
                  | 0.28-a0-834-g1a73be5ee4
 50004 | Elf:2    | Noticed Asterion
 50151 | Elf:1    | Killed Asterion
 50275 | Elf:2    | Got the Catalogue of Summoning
 50442 | Elf:2    | Received a gift from Trog
 51021 | Elf:2    | Found a runed translucent gate.
 51021 | Elf:2    | Found a runed translucent gate.
 51022 | Elf:2    | Found a runed translucent gate.
 51963 | Elf:3    | Entered Level 3 of the Elven Halls
 52048 | Elf:3    | Received a gift from Trog
 52146 | Elf:3    | Found a magical portal.
 52155 | WizLab   | Entered Wucad Mu's Monastery
 52835 | WizLab   | Reached skill level 5 in Dodging
 52835 | WizLab   | Reached XP level 23. HP: 161/161 MP: 23/23
 52953 | Elf:3    | Found Pefes's General Store.
 53929 | Elf:3    | Identified the +1 plate armour of a volcano {rPois rN+++
                  | Str-5 Int+2}
 53967 | Elf:3    | Identified the +10 plate armour of the Unbroken {+Inv
                  | Int+2}
 54055 | Elf:3    | Identified the +4 plate armour of the Butcher {rElec Int-3
                  | Dex-4 SInv}
 54256 | Elf:3    | Received a gift from Trog
 54262 | Elf:3    | Identified the +5 rapier of Circular Logic {vorpal, rC+}
 55215 | Elf:3    | Got Wudeim's Volume of Creative Dislocation
 55227 | Elf:3    | Got the Catalogue of Fetching Confrontation
 55232 | Elf:3    | Got the Handbook of the Birds
 55573 | Depths:1 | Entered Level 1 of the Depths
 55607 | Depths:1 | Reached skill level 10 in Stealth
 55637 | Depths:1 | Reached XP level 24. HP: 134/168 MP: 20/23
 55698 | Depths:1 | Noticed a juggernaut
 55876 | Depths:1 | Found Joxeisuh's Book Shop.
 55877 | Depths:1 | Found Tegeilug's Jewellery Shoppe.
 55878 | Depths:1 | Found Wetuheadgh's Book Shop.
 55891 | Depths:1 | Bought the amulet of the Four Winds {rN+ Will+++ Clar} for
                  | 834 gold pieces
 55891 | Depths:1 | Found the amulet of the Four Winds {rN+ Will+++ Clar}
 56205 | Depths:1 | Found a runed translucent door.
 56230 | Depths:1 | Killed a juggernaut
 56391 | Depths:1 | Found a transporter.
 56393 | Depths:1 | Found a transporter.
 56395 | Depths:1 | Found a viscous altar of Jiyva.
 56481 | Depths:1 | Identified the ring of Surprise {rN+ Int+6}
 56771 | Depths:1 | Found a gateway to Hell.
 57129 | Depths:1 | Found a white marble altar of Elyvilon.
 57218 | Depths:1 | Received a gift from Trog
 57441 | Depths:1 | Found a one-way gate to the infinite horrors of the Abyss.
 58393 | Depths:2 | Found a one-way gate leading to the halls of Pandemonium.
 58393 | Depths:2 | Noticed the Enchantress
 58402 | Depths:2 | Killed the Enchantress
 59047 | Depths:2 | Received a gift from Trog
 59934 | Depths:2 | Got the Compendium of Summoning and Necromancy
 60540 | Depths:3 | Received a gift from Trog
 60782 | Depths:3 | Reached XP level 25. HP: 129/175 MP: 23/23
 61488 | Depths:3 | Found the +2 shield of Resistance {rF++ rC++ Will++}
 61490 | Depths:3 | Got Voan's Collected Works on Dark Battle Magic
 61508 | Depths:3 | Found Ipiytz's Gadget Gallery.
 61583 | Depths:4 | Entered Level 4 of the Depths
 61590 | Depths:4 | Reached skill level 10 in Dodging
 62415 | Depths:3 | Found a portal to a secret trove of treasure.
 62554 | Depths:3 | You paid a toll of a +4 demon whip to enter a treasure
                  | trove
 62555 | Trove    | Entered a treasure trove
 62568 | Trove    | Identified the amulet of the Dolphin {Acrobat rC+}
 62584 | Trove    | Identified the ring "Qeufatwe" {Ice rCorr Str+2 Int-5
                  | Dex+8}
 63011 | Depths:3 | Received a gift from Trog
 63022 | Depths:3 | Identified the ring "Evithe" {Fly rF++ rCorr Int+2 Dex-4}
 63309 | Depths:4 | Found a gateway to a ziggurat.
 63635 | Depths:4 | Found a gate to the Realm of Zot.
 63693 | Depths:4 | Noticed a juggernaut
 63703 | Depths:4 | Killed a juggernaut
 63947 | Depths:4 | Noticed Boris
 63962 | Depths:4 | Killed Boris
 64582 | Crypt:1  | Entered Level 1 of the Crypt
 65043 | Crypt:1  | Found a huge runed gate.
 65043 | Crypt:1  | Found a huge runed gate.
 65043 | Crypt:1  | Found a huge runed gate.
 65043 | Crypt:1  | Found a huge runed gate.
 65043 | Crypt:1  | Found a huge runed gate.
 65044 | Crypt:1  | Found a huge runed gate.
 65044 | Crypt:1  | Found a huge runed gate.
 65045 | Crypt:1  | Found a huge runed gate.
 65046 | Crypt:1  | Found a huge runed gate.
 65046 | Crypt:1  | Found a huge runed gate.
 65048 | Crypt:1  | Found a huge runed gate.
 65050 | Crypt:1  | Found a huge runed gate.
 65051 | Crypt:1  | Found a huge runed gate.
 65052 | Crypt:1  | Found a huge runed gate.
 65053 | Crypt:1  | Found a huge runed gate.
 65054 | Crypt:1  | Found a huge runed gate.
 65069 | Crypt:1  | Found a huge runed gate.
 65069 | Crypt:1  | Found a huge runed gate.
 65069 | Crypt:1  | Found a huge runed gate.
 65069 | Crypt:1  | Found a huge runed gate.
 65069 | Crypt:1  | Found a huge runed gate.
 65069 | Crypt:1  | Found a huge runed gate.
 65070 | Crypt:1  | Found a huge runed gate.
 65128 | Crypt:1  | Received a gift from Trog
 65265 | Crypt:1  | Found a huge runed gate.
 65266 | Crypt:1  | Found a huge runed gate.
 65266 | Crypt:1  | Found a huge runed gate.
 65267 | Crypt:1  | Found a huge runed gate.
 65267 | Crypt:1  | Found a huge runed gate.
 65268 | Crypt:1  | Found a huge runed gate.
 65269 | Crypt:1  | Found a huge runed gate.
 65271 | Crypt:1  | Found a huge runed gate.
 65272 | Crypt:1  | Found a huge runed gate.
 65273 | Crypt:1  | Found a huge runed gate.
 65275 | Crypt:1  | Found a huge runed gate.
 65284 | Crypt:1  | Found a huge runed gate.
 65284 | Crypt:1  | Found a huge runed gate.
 65571 | Crypt:1  | Noticed Dassydak's ghost (adept GrFi)
 65571 | Crypt:1  | Noticed Duck's ghost (adept GrFi)
 65571 | Crypt:1  | Noticed Jalagi's ghost (legendary DETm)
 65571 | Crypt:1  | Noticed Hicsus's ghost (master GrEE)
 65572 | Crypt:1  | Noticed Qetoluuv's ghost (adept GrFi)
 65831 | Vaults:2 | Killed Duck's ghost
 65872 | Vaults:2 | Killed Jalagi's ghost
 66149 | Vaults:2 | Killed Dassydak's ghost
 66166 | Vaults:2 | Killed Qetoluuv's ghost
 66335 | Crypt:1  | Killed Hicsus's ghost
 66542 | Crypt:1  | Noticed Dassydak's ghost (adept GrFi)
 66606 | Crypt:1  | Killed Dassydak's ghost
 66683 | Crypt:2  | Reached XP level 26. HP: 183/183 MP: 23/23
 66956 | Crypt:2  | Received a gift from Trog
 67466 | Crypt:2  | Noticed Sojobo
 67480 | Crypt:2  | Paralysed by an air elemental for 1 turns
 67482 | Crypt:2  | Paralysed by an air elemental for 1 turns
 67485 | Crypt:2  | Paralysed by an air elemental for 1 turns
 67488 | Crypt:2  | Paralysed by an air elemental for 1 turns
 67812 | Crypt:2  | Paralysed by an air elemental for 1 turns
 67817 | Crypt:2  | Paralysed by an air elemental for 1 turns
 67819 | Crypt:2  | Killed Sojobo
 67944 | Crypt:3  | Entered Level 3 of the Crypt
 68867 | Crypt:3  | Found a staircase to the Tomb.
 68954 | Crypt:3  | Received a gift from Trog
 69694 | Crypt:3  | Noticed a dread lich
 69694 | Crypt:3  | Noticed a dread lich
 69791 | Crypt:3  | Identified the +7 great mace of Amorality {protect,
                  | *Corrode rElec Str+6}
 69881 | Crypt:3  | Killed a dread lich
 69895 | Crypt:3  | Killed a dread lich
 69907 | Crypt:3  | Identified the +3 scimitar of Xom's Castigation {venom,
                  | rPois rN+ Will+}
 69908 | Crypt:3  | Identified the ring of Tueth {rF+ rN+ Will+}
 69921 | Crypt:3  | Got the Catalogue of Darkness
 70179 | Vaults:5 | Entered Level 5 of the Vaults
 70274 | Vaults:5 | Noticed a dread lich
 70298 | Vaults:4 | Received a gift from Trog
 70505 | Vaults:4 | Killed a dread lich
 70684 | Vaults:5 | Reached skill level 15 in Stealth
 70717 | Vaults:5 | Reached XP level 27. HP: 111/190 MP: 23/23
 70852 | Vaults:5 | Noticed a dread lich
 70857 | Vaults:5 | Killed a dread lich
 70968 | Vaults:5 | Found the +3 Elemental Staff {rElec rF++ rC++ AC+5}
 71038 | Vaults:5 | Identified the +5 war axe of Woludal {flame, rCorr Str+2}
                  | (Trog gifted it to you on level 5 of the Vaults)
 71038 | Vaults:5 | Received a gift from Trog
 71255 | Vaults:5 | Noticed a dread lich
 71263 | Vaults:5 | Killed a dread lich
 71315 | Vaults:5 | Identified the +6 hand axe "Beastslayer" {pain, Str+6}
 71354 | Vaults:5 | Identified the +5 long sword "Bimmes Oqeam" {vorpal, *Rage
                  | rC++ Int+3 SInv}
 71383 | Vaults:5 | Got the Tome of the Voyage
 71493 | Vaults:5 | Found the ring of the Octopus King {rCorr AC+1 EV+1 Str+1
                  | Int+1 Dex+1}
 71534 | Vaults:5 | Identified the ring "Sautaw" {rF+ Dex+3 SInv}
 71537 | Vaults:5 | Identified the ring "Vilakaf" {rPois Str+3 Int-2 SInv}
 71852 | Vaults:5 | Identified the ring "Xease" {Will+ Int+6}
 71858 | Vaults:5 | Received a gift from Trog
 72192 | Vaults:5 | Found the +7 captain's cutlass {speed, disarm}
 72206 | Vaults:5 | Got Zoafej Dusk's Grimoire of Shifting Intoxication
 72427 | Vaults:5 | Noticed an ancient lich
 72427 | Vaults:5 | Noticed a dread lich
 72434 | Vaults:5 | Killed a dread lich
 72443 | Vaults:5 | Killed an ancient lich
 72783 | Vaults:5 | Got Oddab's Handbook of Fetching Transmigration
 72805 | Vaults:5 | Got a silver rune of Zot
 73548 | Slime:1  | Entered Level 1 of the Pits of Slime
 73821 | Slime:2  | Gained mutation: You occasionally shout uncontrollably at
                  | your foes. [a shining eye]
 73877 | Slime:2  | Received a gift from Trog
 75231 | Slime:5  | Entered Level 5 of the Pits of Slime
 75464 | Slime:5  | Noticed the Royal Jelly
 75773 | Slime:5  | Killed the Royal Jelly
 76487 | Slime:5  | Found the +7 lajatang of Order {silver, rMut}
 76492 | Slime:5  | Found the ring of the Mage {Wiz Will++ Int+3}
 76551 | Slime:5  | Identified the +3 scale mail of Action {+Blink Will-
                  | Regen+}
 76583 | Slime:5  | Identified the ring "Puiskunn" {rF+ rCorr Str+6 Stlth-}
 76612 | Slime:5  | Identified the +0 ring mail of the Clam {rF+ Str+4 Int+5}
 76627 | Slime:5  | Got a slimy rune of Zot
 76639 | Slime:5  | Identified the +4 hunting sling "Zuownejoin" {venom, +Blink
                  | rN+}
 77228 | Depths:1 | Voluntarily entered the Abyss.
 77441 | Abyss:1  | Identified the +0 pair of gloves of Whack-A-Mole {rElec rF+
                  | Int+3 Dex+3}
 77449 | Abyss:1  | Paralysed by accursed screaming for 2 turns
 77456 | Abyss:1  | Received a gift from Trog
 78314 | Abyss:2  | Found a corrupted altar of Lugonu.
 78550 | Abyss:4  | Found a candlelit altar of Ignis.
 78560 | Abyss:4  | Got an abyssal rune of Zot
 78644 | Abyss:4  | Received a gift from Trog
 78780 | Abyss:4  | Paralysed by accursed screaming for 2 turns
 78832 | Abyss:4  | Paralysed by accursed screaming for 1 turns
 78842 | Abyss:4  | HP: 9/193 [starcursed mass/accursed screaming (7)]
 78842 | Abyss:4  | Paralysed by accursed screaming for 1 turns
 78843 | Abyss:5  | Entered Level 5 of the Abyss
 79109 | Abyss:5  | Received a gift from Trog
 79146 | Depths:1 | Escaped the Abyss
 79425 | Depths:1 | Voluntarily entered the Abyss.
 79515 | Abyss:1  | Paralysed by you for 5 turns
 79652 | Abyss:1  | Received a gift from Trog
 79738 | Depths:1 | Escaped the Abyss
 79944 | Depths:1 | Voluntarily entered the Abyss.
 80534 | Abyss:1  | Received a gift from Trog
 80553 | Abyss:1  | Paralysed by accursed screaming for 2 turns
 81534 | Abyss:1  | Received a gift from Trog
 81747 | Abyss:1  | Found a corrupted altar of Lugonu.
 82482 | Abyss:1  | Reached skill level 27 in Shields
 82643 | Abyss:1  | Reached skill level 15 in Dodging
 82812 | Abyss:1  | Received a gift from Trog
 82869 | Abyss:1  | Paralysed by accursed screaming for 1 turns
 83045 | Depths:1 | Escaped the Abyss
 83268 | Depths:1 | Voluntarily entered the Abyss.
 83285 | Abyss:1  | Identified the +7 fustibalus "Muoq" {speed, rPois Int+2}
 83563 | Depths:1 | Escaped the Abyss
 83754 | Depths:1 | Voluntarily entered the Abyss.
 84303 | Abyss:1  | Found a shimmering blue altar of Sif Muna.
 84512 | Abyss:1  | Identified the +7 mace "Oily Dragon's Tongue" {vorpal, rC+}
                  | (Trog gifted it to you on level 1 of the Abyss)
 84512 | Abyss:1  | Received a gift from Trog
 84544 | Abyss:1  | Noticed a dread lich
 84556 | Abyss:1  | Killed a dread lich
 84652 | Abyss:1  | Found a stormy altar of Qazlal.
 84668 | Abyss:1  | Noticed a dread lich
 84697 | Abyss:1  | Killed a dread lich
 84715 | Depths:1 | Escaped the Abyss
 84910 | Depths:1 | Voluntarily entered the Abyss.
 85005 | Abyss:1  | Paralysed by accursed screaming for 2 turns
 85012 | Abyss:1  | Paralysed by accursed screaming for 2 turns
 85026 | Depths:1 | Escaped the Abyss
 85295 | Depths:1 | Voluntarily entered the Abyss.
 85295 | Abyss:1  | Found a corrupted altar of Lugonu.
 85328 | Abyss:1  | Found an iron altar of Okawaru.
 85344 | Abyss:1  | Found a corrupted altar of Lugonu.
 85558 | Abyss:1  | Received a gift from Trog
 85924 | Abyss:1  | Found a corrupted altar of Lugonu.
 86083 | Abyss:1  | Found a corrupted altar of Lugonu.
 86099 | Abyss:1  | Received a gift from Trog
 86535 | Abyss:1  | Paralysed by accursed screaming for 2 turns
 86605 | Abyss:1  | Noticed a dread lich
 86629 | Abyss:1  | Killed a dread lich
 86634 | Abyss:1  | Identified the +8 flail "Duer" {flame, rN++ Will++ Dex-5}
                  | (Trog gifted it to you on level 1 of the Abyss)
 86634 | Abyss:1  | Received a gift from Trog
 87015 | Abyss:1  | Found a shimmering altar of Xom.
 87051 | Abyss:1  | Paralysed by accursed screaming for 1 turns
 87243 | Abyss:1  | Received a gift from Trog
 87645 | Depths:1 | Escaped the Abyss
 87869 | Depths:1 | Voluntarily entered the Abyss.
 88108 | Abyss:1  | Gained mutation: You have a pair of small horns on your
                  | head. [a neqoxec]
 88177 | Abyss:1  | Identified the +8 dire flail "Heynycve" {vorpal, Fragile
                  | rF+ rN++ Str+4} (Trog gifted it to you on level 1 of the
                  | Abyss)
 88177 | Abyss:1  | Received a gift from Trog
 88215 | Abyss:1  | Found a shimmering altar of Xom.
 88256 | Abyss:1  | Found a shimmering altar of Xom.
 88415 | Abyss:1  | Paralysed by accursed screaming for 1 turns
 88466 | Abyss:1  | Identified the +0 robe of the End {rElec rPois rC+}
 88561 | Abyss:1  | Reached skill level 27 in Armour
 88606 | Abyss:1  | Found a radiant altar of Vehumet.
 88636 | Abyss:1  | Identified the ring "Nyklurch" {Wiz rElec rF+ rC+ Will++}
 88705 | Abyss:1  | Reached skill level 27 in Fighting
 88779 | Abyss:1  | Identified the +10 morningstar of the Immovable Friars
                  | {flame, Dex+6} (Trog gifted it to you on level 1 of the
                  | Abyss)
 88779 | Abyss:1  | Received a gift from Trog
 88802 | Depths:1 | Escaped the Abyss
 88929 | Pan      | Entered Pandemonium
 88995 | Pan      | Reached skill level 1 in Crossbows
 89247 | Pan      | Found an exit through the horrors of the Abyss.
 89771 | Pan      | Noticed Utizisun the pandemonium lord
 89790 | Pan      | Killed Utizisun the pandemonium lord
 90567 | Pan      | Got a demonic rune of Zot
 90739 | Pan      | Received a gift from Trog
 90957 | Pan      | Identified the +3 ring mail of Compassion {rF+ rN++ Stlth+}
 91120 | Pan      | Noticed Feikk the pandemonium lord
 91132 | Pan      | Paralysed by you for 6 turns
 91533 | Pan      | Reached skill level 5 in Crossbows
 91568 | Pan      | Found an exit through the horrors of the Abyss.
 92040 | Pan      | Noticed Tomai the pandemonium lord
 92344 | Pan      | Received a gift from Trog
 94204 | Pan      | Identified the +12 flail of Dim Light {vorpal, Fly rElec
                  | Will++ Stlth-} (Trog gifted it to you in Pandemonium)
 94204 | Pan      | Received a gift from Trog
 94296 | Pan      | Noticed Boxkaot the pandemonium lord
 94332 | Pan      | Killed Boxkaot the pandemonium lord
 94419 | Pan      | Found a runed translucent door.
 94794 | Pan      | Found a transporter.
 94989 | Pan      | Found a transporter.
 94993 | Pan      | Identified the amulet "Tota" {RegenMP Int+2}
 95006 | Pan      | Identified the ring "Zeonnadu" {Ice rN+ Slay+3}
 95552 | Pan      | Found a transporter.
 95588 | Pan      | Received a gift from Trog
 95702 | Pan      | Identified the +4 rapier of Purpose {elec, Stlth+}
 95826 | Pan      | Found a transporter.
 96077 | Pan      | Killed from afar by a Hell Sentinel

Illustrated notes

Levels and vault maps discovered:
D:1:      dpeg_arrival_short_road, layout_basic, ebering_ecumenical_altar_hall
D:2:      layout_rooms, serial_rivers, chequers_serial_rivers_room_a,
          chequers_serial_rivers_small_b, chequers_serial_rivers_micro_b,
          chequers_serial_rivers_small_3, chequers_serial_rivers_small_b,
          lexackson_kobold_supper
D:3:      layout_basic
D:4:      layout_cave_pools
D:5:      layout_layer_cave, hangedman_decor_push, uniq_edmund, uniq_duvessa
D:6:      layout_rooms, serial_rivers, chequers_serial_rivers_room_b,
          chequers_serial_rivers_small_b, chequers_serial_rivers_large_a,
          chequers_serial_rivers_micro_c, chequers_serial_rivers_small_3,
          chequers_serial_rivers_micro_b, uniq_blork_the_orc,
          uniq_crazy_yiuf_cottage, uniq_pikel
D:7:      layout_basic, minmay_temple_entry_slanted, kennysheep_generic_room_5
D:8:      layout_cave_pods, zin_treasury, serial_shops, shop, shop,
          nicolae_shop_statue_plus, hellmonk_guarded_unrand_vines, uniq_maurice
D:9:      layout_roguey, lair_entry_dummy, erik_orc_1,
          chequers_serial_rivers_small_3, kennysheep_flooded_box, minivault_22
D:10:     layout_basic, minivault_15
D:11:     layout_loops_corners, serial_shops, nicolae_take_the_stairs,
          kennysheep_cluttered_room
D:12:     minmay_containers, layout_cave_pools, kennysheep_donut, tgw_sif
D:13:     layout_long_grid, hellmonk_ghost_happy_afterlife, uniq_josephine,
          uniq_nessos
D:14:     layout_stronghold, lightli_vaults_fourway_checkpoint, okawaru_trees_1,
          minivault_14, minmay_misc_feat_nine_boxes, uniq_roxanne
D:15:     grunt_enter_depths_snipers, layout_rooms, chequers_mini_garden,
          kennysheep_treasure_room
Lair:1:   layout_regular_city, minmay_holes, nzn_sisyphean_effort,
          grunt_megastairs_4
Lair:2:   layout_gridlike, spider_nest_entry_funnel_web, grunt_megastairs_1,
          lemuel_fruit_tree, uniq_prince_ribbit2
Lair:3:   layout_gridlike, ebering_ghost_funeral_grove,
          nicolae_volcano_entry_batcave
Lair:4:   gammafunk_worm_tunnel, layout_misc_corridors,
          elwin_shoals_entry_rocks, kennysheep_basilisk_garden
Lair:5:   layout_gridlike, minmay_slime_entry_eyes, basic_altar,
          minmay_shattered_shrine, serial_bayou_shore_b, serial_bayou_shore_a
Lair:6:   evilmike_catoblepas_cave, layout_gridlike
Shoals:1: layout_shoals, nicolae_shoals_this_corrosion
Shoals:2: nzn_motion_control, layout_shoals, serial_shops, shop,
          nicolae_shoals_mertower, uniq_ilsuiw
Shoals:3: layout_shoals, ebering_ghost_gozag, uniq_polyphemus, uniq_jorgrun
Shoals:4: shoals_end_grunt_ice, layout_shoals, serial_shops,
          nicolae_square_shop, uniq_mlioglotl, uniq_bai_suzhen
Spider:1: layout_spider_delve
Spider:2: layout_chambers, uniq_donald
Spider:3: layout_spider_delve
Spider:4: grunt_spider_rune_parallel, ebering_ghost_reflecting_pool, drop_trap
Slime:1:  layout_caves
Slime:2:  layout_caves
Slime:3:  layout_caves
Slime:4:  layout_caves
Slime:5
Orc:1:    layout_diamond_mine, serial_shops, shop, ebering_ghost_reflecting_pool
Orc:2:    st_orc_ogre_mass, layout_caves, basic_altar, serial_shops,
          nicolae_shop_crystal
Elf:1:    minmay_the_grid_square_5x5_4x4 [minmay_the_grid_square_5x5_trominoes,
          minmay_the_grid_square_5x5_inset,
          minmay_the_grid_square_5x5_pentomino_r,
          minmay_the_grid_square_5x5_shrine1, minmay_the_grid_square_5x5_fat_x,
          minmay_the_grid_square_5x5_prize_waves,
          minmay_the_grid_square_5x5_prize_snowflake,
          minmay_the_grid_square_5x5_broken_cross,
          minmay_the_grid_square_5x5_inner_v,
          minmay_the_grid_square_5x5_prize_pseudospiral,
          minmay_the_grid_square_5x5_prize_open,
          minmay_the_grid_square_5x5_forky, minmay_the_grid_square_5x5_six,
          minmay_the_grid_square_5x5_n_small, minmay_the_grid_square_5x5_plus,
          minmay_the_grid_square_5x5_checkered], layout_onion_city,
          serial_shops, nicolae_shop_trees, lemuel_upstairs_altar
Elf:2:    elven_hall_of_blades_hangedman_original
          [nicolae_blade_entry_pointy_end], layout_onion_city,
          minmay_elf_demonology, uniq_asterion
Elf:3:    minmay_elf_hall_curves, layout_gridlike, serial_shops,
          nicolae_square_shop, mu_enter_wizlab_6
Vaults:1: portal_desolation_entry_salt, nicolae_vaults_little_squares_1,
          nicolae_vaults_big_angled_halls, st_hourglassy,
          nicolae_vaults_little_squares_3, vaults_room_semicircle,
          vaults_room_fours, layout_vaults_quadrants, serial_shops,
          nicolae_shop_waterfront
Vaults:2: hangedman_vaults_pinch, v_alt_pattern_1, hangedman_vaults_stagger,
          vaults_room_boxed, minmay_crypt_entry_simple_sparse,
          ontoclasm_vaults_shuriken, v_misc_22, vaults_room_fancy_cross,
          v_misc_12, nicolae_vaults_yaktaur_gun_rack, vaults_dpeg_diagonal,
          vaults_dpeg_ring, layout_vaults_maze_snakey
Vaults:3: nicolae_vaults_little_squares_6,
          vaults_standard_mumra_enter_the_diamond, vaults_room_semicircle,
          hangedman_vaults_trim, hangedman_vaults_trim, vaults_room_pool,
          layout_vaults_chaotic_city, serial_shops, nicolae_shop_waterfront,
          uniq_jory, uniq_aizul
Vaults:4: v_misc_13, vaults_dpeg_doors, grunt_vaults_bifocal,
          ontoclasm_vaults_shout, v_alt_pattern_2, hangedman_vaults_nodes,
          hangedman_vaults_variations, v_pattern_3, ontoclasm_vaults_tryst,
          v_misc_1, ontoclasm_vaults_decontamination,
          ontoclasm_vaults_ring_small, hangedman_vaults_corner,
          vaults_room_door_ring, ontoclasm_vaults_gateway,
          layout_vaults_omnibox, uniq_margery
Vaults:5
Crypt:1:  layout_chaotic_city, gammafunk_ghost_door_vault
Crypt:2:  layout_gridlike, uniq_sojobo
Crypt:3:  david_glass_crypt, layout_chaotic_city, tomb_entry_forgotten_bobbens
Depths:1: gammafunk_jiyva_shrine, layout_basic, hell_entry, elyvilon_altar_1,
          abyss_entry, minmay_hidden_floor, minmay_shop_grove
Depths:2: nzn_winding_woodlands_large [nzn_winding_woodlands_5x5_default,
          nzn_winding_woodlands_5x15_sidewinder,
          nzn_winding_woodlands_5x5_open_star,
          nzn_winding_woodlands_center_garden,
          nzn_winding_woodlands_15x15_thick_spiral,
          nzn_winding_woodlands_center_lodge,
          nzn_winding_woodlands_5x5_checkerboard,
          nzn_winding_woodlands_5x15_concentric,
          nzn_winding_woodlands_5x5_closed_star], layout_gridlike,
          small_statue_intersection, abyss_entry, hell_entry,
          rand_demon_pan_entry_5, uniq_enchantress
Depths:3: minmay_chopped_fan, layout_cave_shapes, grunt_mini_vestibule,
          hangedman_abyss_or_decor_stabs, abyss_entry, enter_trove_3,
          grunt_pan_entry_in_and_out, roderic_serpentine_path,
          nicolae_shop_gadgets
Depths:4: evilmike_zot_entry_diamond, layout_gridlike, enter_ziggurat_a,
          minmay_room_of_horrors, hell_entry, chequers_serial_rivers_large_b,
          corexii_hall_statues_i, grunt_ministairs_4, uniq_boris
Pan:      evilmike_mini_pan_pillars_b, layout_gridlike, pan_blood_fountain_2,
          nicolae_pan_sigil_obb, pan_surprise, nicolae_pan_lom_lobonic_4,
          rand_demon_8, layout_gridlike, evilmike_mini_pan_doors,
          layout_irregular_city, regret_index_pan_draining_boxed,
          layout_gridlike, gammafunk_its_a_trap, layout_gridlike,
          pan_blood_fountain_small, nicolae_pan_sick_transit,
          gammafunk_dig_for_victory, layout_grid_shapes

Skill      XL: |  1  2  3  4  5  6  7  8  9 10 11 12 13 14 15 16 17 18 19 20 21 22 23 24 25 26 27 |
---------------+----------------------------------------------------------------------------------+-----
Fighting       | 4 5 7 8 9 11 12 13 14 15 16 17 18 19 20 21 22 23 24 27 | 27.0
Maces & Flails | 3 4 6 7 8 9 11 12 13 14 15 16 17 18 19 20 21 22 26 | 26.3
Armour         | 4 5 7 8 9 10 12 13 14 15 16 17 18 19 20 21 22 23 27 | 27.0
Shields        | 4 5 7 8 9 11 12 14 16 18 19 20 21 22 23 24 25 27 | 27.0
Stealth        | 2 7 9 10 11 13 15 16 | 16.1
Dodging        | 5 7 9 11 12 18 | 18.1
Crossbows      | 9 |  9.7

Action                   |  1- 3 |  4- 6 |  7- 9 | 10-12 | 13-15 | 16-18 | 19-21 | 22-24 | 25-27 || total
-------------------------+-------+-------+-------+-------+-------+-------+-------+-------+-------++-------
Melee: Flail             |   158 |   140 |   282 |   655 |  1396 |   698 |       |       |       ||  3329
       Morningstar       |       |    40 |       |       |       |       |       |       |       ||    40
       Eveningstar       |       |       |       |       |       |  1145 |  1812 |  1350 |  5511 ||  9818
       Headbutt          |       |       |       |       |       |       |       |       |   374 ||   374
Invok: Trog's Hand       |       |       |     6 |     4 |     8 |    12 |    13 |     6 |    21 ||    70
       Berserk           |       |       |     5 |     5 |     5 |     3 |     2 |     2 |     1 ||    23
       Brothers in Arms  |       |       |       |       |       |     2 |     2 |     3 |     9 ||    16
  Use: Scroll            |       |       |     7 |    10 |    12 |    13 |     7 |     3 |    21 ||    73
       Potion            |       |       |       |       |       |     1 |     1 |     4 |     5 ||    11
 Stab: Petrified         |       |       |       |       |     7 |     3 |       |       |       ||    10
       Petrifying        |       |       |       |       |       |     1 |       |       |       ||     1
       Paralysed         |       |       |       |       |       |       |     1 |       |       ||     1
       Sleeping          |       |       |       |       |       |       |       |     1 |       ||     1
       Distracted        |       |       |       |       |       |       |       |       |     5 ||     5
Armor: Scale mail        |    30 |       |       |       |       |       |       |       |       ||    30
       Chain mail        |    63 |   120 |   190 |   402 |   954 |   828 |  1014 |   342 |       ||  3913
       Swamp dragon scal |       |       |       |       |       |   678 |       |       |       ||   678
       Plate armour      |       |       |       |       |       |       |       |   383 |   970 ||  1353
       Gold dragon scale |       |       |       |       |       |       |       |       |  1612 ||  1612
       Crystal plate arm |       |       |       |       |       |       |       |       |    15 ||    15
Dodge: Dodged            |    58 |    65 |   107 |   217 |   474 |   715 |   429 |   334 |  1764 ||  4163
Block: Buckler           |    30 |    46 |    64 |   163 |   460 |   269 |       |       |       ||  1032
       Kite shield       |       |       |       |       |       |  1025 |  1493 |  1014 |  4331 ||  7863
       Reflection        |       |       |       |       |       |    36 |    92 |    58 |    84 ||   270

Table legend: (Time is in decaauts)
 A = Elapsed time spent in this place.
 B = Non-inter-level travel time spent in this place.
 C = Inter-level travel time spent in this place.
 D = Time resting spent in this place.
 E = Time spent auto-exploring this place.
 F = Levels seen in this place.
 G = Mean time per level.
                   A        B        C        D        E       F      G
               +--------+--------+--------+--------+--------+-----+--------+
         Total |  93150 |  88922 |   4228 |  17794 |  34819 |  74 | 1258.8 |
       Dungeon |  18251 |  16605 |   1646 |   1584 |  10741 |  15 | 1216.7 |
          Lair |   6801 |   6114 |    687 |    718 |   3222 |   6 | 1133.5 |
        Shoals |   7741 |   7610 |    131 |   2571 |   2547 |   4 | 1935.2 |
   Spider Nest |   3877 |   3720 |    157 |    130 |   2122 |   4 |  969.2 |
    Slime Pits |   3225 |   3137 |     88 |   1005 |   1098 |   5 |  645.0 |
  Orcish Mines |   1772 |   1653 |    119 |     47 |    864 |   2 |  886.0 |
   Elven Halls |   6259 |   6062 |    197 |    864 |   2487 |   3 | 2086.3 |
        Vaults |  11191 |  10650 |    541 |   2216 |   4784 |   5 | 2238.2 |
         Crypt |   4472 |   4181 |    291 |   1060 |    610 |   3 | 1490.7 |
        Depths |  10325 |   9958 |    367 |   3141 |   4250 |   4 | 2581.2 |
         Abyss |   9730 |   9730 |      0 |    883 |   1152 |  13 |  748.5 |
   Pandemonium |   6873 |   6873 |      0 |   3033 |    561 |   6 | 1145.5 |
         Trove |     48 |     48 |      0 |      0 |      0 |   1 |   48.0 |
       Volcano |    338 |    338 |      0 |     28 |      0 |   1 |  338.0 |
        Wizlab |    717 |    717 |      0 |    207 |     16 |   1 |  717.0 |
    Desolation |   1524 |   1524 |      0 |    303 |    363 |   1 | 1524.0 |
               +--------+--------+--------+--------+--------+-----+--------+

Top non-repeatable levels by time:
 Abyss:1: 8437 daAuts
Depths:1: 3906 daAuts
Depths:2: 3090 daAuts
Vaults:2: 2633 daAuts
Vaults:5: 2387 daAuts
Shoals:3: 2360 daAuts
    D:11: 2316 daAuts
   Elf:2: 2291 daAuts
Vaults:4: 2241 daAuts
Vaults:1: 2195 daAuts
   Elf:3: 2093 daAuts
Depths:3: 2014 daAuts
Shoals:1: 1889 daAuts
   Elf:1: 1874 daAuts
 Crypt:3: 1872 daAuts
